 Dungeon Crawl Stone Soup version 0.25-a0-786-g5b70d41e48 (webtiles) character file.

Game seed: 47678310127085090, levelgen mode: deterministic

11288 Fukker the Arsonist (level 11, -2/78 HPs)
             Began as a Demonspawn Fire Elementalist on Apr 18, 2020.
             Was a Believer of Ashenzari.
             Slain by an orc warrior
             ... wielding a +0 glaive
              (10 damage)
             ... while paralysed by an orc sorcerer
             ... on level 2 of the Orcish Mines.
             The game lasted 00:35:34 (10583 turns).

Fukker the Arsonist (Demonspawn Fire Elementalist) Turns: 10583, Time: 00:35:34

Health: -2/78      AC: 11    Str:  8    XL:     11   Next: 47%
Magic:  0/18       EV:  2    Int: 19    God:    Ashenzari [**....]
Gold:   783        SH:  0    Dex: 19    Spells: 4/20 levels left

rFire    . . .     SeeInvis .   T - +8 war axe of Death {venom, Dex+4}
rCold    . . .     Gourm    .   G - +0 buckler
rNeg     . . .     Faith    .   W - +1 robe {MR+}
rPois    +         Spirit   +   v - +2 helmet
rElec    .         Reflect  .   F - +1 cloak
rCorr    .         Harm     .   (no gloves)
MR       +....                  E - +0 pair of boots
Stlth    +++.......             (no amulet)
HPRegen  0.23/turn              k - ring of stealth (curse)
MPRegen  0.32/turn              n - ring of poison resistance (curse)

@: paralysed
A: talons 2, rugged brown scales 2, spiny 1, magic shield, magic regeneration
a: Curse Item, Scrying, Renounce Religion


You were on level 2 of the Orcish Mines.
You worshipped Ashenzari.
Ashenzari was pleased with you.
You were hungry.

You visited 2 branches of the dungeon, and saw 12 of its levels.
You also visited: Sewer.

You collected 783 gold pieces.

Inventory:

Hand Weapons
 r - a +2 dagger of venom
 T - the +8 war axe of Death (weapon) {venom, Dex+4}
   (You took it off an orc warrior on level 9 of the Dungeon)

   It poisons the flesh of those it strikes.
   It affects your dexterity (+4).
 V - a +4 scimitar of flaming
Missiles
 e - 335 stones (quivered)
 o - 128 bolts
 y - 12 curare-tipped darts
 A - 13 poisoned darts
Armour
 a - a +0 robe
 p - a +1 helmet
 v - a +2 helmet (worn)
 w - a +2 hat
 E - a +0 pair of boots (worn)
 F - a +1 cloak (worn)
 G - a +0 buckler (worn)
 S - a +0 robe of positive energy
 W - a +1 robe of magic resistance (worn)
Jewellery
 k - a cursed ring of stealth (left hand)
 n - a cursed ring of poison resistance (right hand)
 J - an uncursed ring of see invisible
Wands
 i - a wand of acid (7)
 q - a wand of iceblast (1)
 I - a wand of disintegration (11)
 O - a wand of enslavement (13)
 P - a wand of scattershot (7)
 Q - a wand of random effects (22)
 R - a wand of flame (8)
Scrolls
 f - a scroll of identify
 h - a scroll of blinking {unknown}
 s - 2 scrolls of immolation
 t - 5 scrolls of teleportation
 u - 4 scrolls of enchant armour
 x - a scroll of summoning
 z - 4 scrolls of amnesia {unknown}
 C - 4 scrolls of random uselessness {unknown}
 D - 3 scrolls of vulnerability {unknown}
 H - a scroll of fog {unknown}
 K - 4 scrolls of remove curse
 M - a scroll of enchant weapon {unknown}
Potions
 b - 2 potions of lignification
 d - a potion of degeneration {unknown}
 g - 9 potions of curing
 j - 7 potions of heal wounds {unknown}
 l - 4 potions of might {unknown}
 m - 2 potions of invisibility
 B - 2 potions of stabbing {unknown}
 L - a potion of ambrosia {unknown}
 N - 3 potions of cancellation {unknown}
 X - a potion of flight {unknown}
Comestibles
 c - 17 rations


   Skills:
 + Level 3.3 Fighting
 - Level 4.2 Axes
 + Level 3.6 Dodging
 - Level 1.7 Stealth
 - Level 3.5 Shields
 - Level 5.0 Spellcasting
 - Level 10.0(11.3) Conjurations
 - Level 11.0(12.2) Fire Magic
 * Level 2.3(3.5) Earth Magic
 + Level 0.5(1.2) Evocations


You had 4 spell levels left.
You knew the following spells:

 Your Spells              Type           Power        Failure   Level  Hunger
a - Foxfire               Conj/Fire      ####         1%          1    None
b - Sticky Flame          Conj/Fire      #####...     1%          4    ####...
c - Fireball              Conj/Fire      #####.....   2%          5    ######.
d - Iron Shot             Conj/Erth      ####......   67%         6    #######

Your spell library contained the following spells:

 Spells                   Type           Power        Failure   Level  Hunger
 Conjure Flame            Conj/Fire      #####...     1%          3    ##.....
 Sandblast                Erth           ###...       3%          1    None
 Inner Flame              Hex/Fire       ####....     3%          3    ##.....
 Bolt of Magma            Conj/Fire/Erth #####.....   9%          5    ######.
 Iskenderun's Battlesphe  Conj/Chrm      ####....     32%         5    ######.
 Lee's Rapid Deconstruct  Erth           ###.......   63%         5    ######.
 Orb of Destruction       Conj           #####.....   71%         7    #######
 Spellforged Servitor     Conj/Summ      ####......   100%        7    #######
 Discord                  Hex            #.........   100%        8    #######


Dungeon Overview and Level Annotations

Branches:
Dungeon (10/15)            Temple (0/1) D:7            Lair (0/6) D:10
    Orc (2/2) D:9           Sewer (visited)
    Elf: Orc:2

Altars:
Ashenzari
Dithmenos
Hepliaklqana
Kikubaaqudgha
Ru
Trog
Vehumet
Yredelemnul
Zin

Shops:
D:7 [   D:8 *

Annotations:
Orc:2 Jorgrun


Innate Abilities, Weirdness & Mutations

You have razor-sharp toenails.
You are mostly covered in rugged brown scales. (AC +2, +5% HP)
You are partially covered in sharp spines.
When hurt, damage is shared between your health and your magic reserves.
You regenerate magic rapidly.


Message History

The orc priest hits you but does no damage.
Jorgrun Earthshaker comes into view.
He is wielding a +0 vorpal quarterstaff and wearing a +2 robe of positive energy.
Jorgrun shouts!
An orc sorcerer comes into view.
It is wielding a +0 dagger of venom and wearing a +2 robe of positive energy.
The orc warrior hits you with a cursed +0 dire flail!
The orc sorcerer is struck by your spines.
The orc sorcerer hits you but does no damage.
The orc warrior hits you from afar with a +0 glaive!
* * * LOW HITPOINT WARNING * * *
The orc priest barely misses you.
An orc warrior comes into view. It is wielding a +0 mace.
The orc warrior is struck by your spines.
The orc warrior hits you with a cursed +0 dire flail!
* * * LOW HITPOINT WARNING * * *
The orc sorcerer hits you with a +0 dagger.
* * * LOW HITPOINT WARNING * * *
The orc priest hits you.
* * * LOW HITPOINT WARNING * * *
The orc warrior hits you from afar with a +0 glaive!
You die...

###..........)...#### ,
##..........))......8.
#..............o.)o....,
#..............).o.....
#..........o.To........
##...........o.....8...
##.........oo.....#####o
#........oo.......#
#........@o4..o..##
#.........o..$...#*
##...)..<.o....... , *
*#.#.............#*
#................ *
#................*
##.......g.......
#............... , ,
##.............


You could see Jorgrun, an orc knight, an ice devil, a troll, 2 orc sorcerers, 5
orc warriors, an orc priest, an orc wizard and 2 orcs.

Vanquished Creatures
  Harold (D:8)
  Erica (D:10)
  2 unseen horrors (D:10)
  2 orc sorcerers (Orc:2)
  3 trolls
  A hornet (D:10)
  2 hippogriffs
  Sigmund (D:4)
  A spriggan (D:8)
  4 yaks
  A wraith (D:10)
  2 water moccasins
  2 porcupines (D:10)
  3 ice beasts
  2 necrophages
  A phantom (D:9)
  5 sky beasts
  8 orc warriors
  2 centaurs
  3 ogres
  5 crocodiles
  4 big kobolds
  8 bullfrogs
  A wyvern skeleton (D:10)
  A scorpion (D:7)
  10 killer bees
  2 howler monkeys
  3 crimson imps
  A quasit (D:10)
  A jelly (D:8)
  12 orc priests
  4 hounds
  9 orc wizards
  5 iguanas
  6 worker ants
  A hound zombie (D:8)
  Robin (D:4)
  10 adders
  3 river rats (Sewer)
  A shadow imp (D:8)
  2 oozes
  4 adder skeletons
  3 adder zombies
  2 worms
  A dart slug (D:1)
  11 leopard geckos
  31 orcs
  4 bats (D:3)
  12 giant cockroaches
  14 goblins
  10 hobgoblins
  7 jackals
  4 quokkas
  7 ball pythons
  3 frilled lizards
  27 kobolds
  A leopard gecko skeleton (D:7)
  A quokka zombie (D:7)
  29 rats
  3 plants (D:10)
311 creatures vanquished.

Vanquished Creatures (others)
  A human (D:7)
  545 foxfires
  3 fungi (D:10)
549 creatures vanquished.

Grand Total: 860 creatures vanquished

Notes
Turn   | Place    | Note
-------+----------+-------------------------------------------
     0 | D:1      | Fukker the Demonspawn Fire Elementalist began the quest for
                  | the Orb.
     0 | D:1      | Reached XP level 1. HP: 13/13 MP: 3/3
   126 | D:1      | Reached skill level 3 in Fire Magic
   126 | D:1      | Gained mutation: You are partially covered in rugged brown
                  | scales. (AC +1, +3% HP) [demonic ancestry]
   126 | D:1      | Reached XP level 2. HP: 6/19 MP: 1/5
  1053 | D:2      | Gained mutation: You have sharp toenails. [demonic
                  | ancestry]
  1053 | D:2      | Reached XP level 3. HP: 15/24 MP: 2/6
  1271 | D:2      | Found a bloodstained altar of Trog.
  1570 | D:2      | HP: 1/24 [hound (1)]
  1571 | D:2      | Gained mutation: You are partially covered in sharp spines.
                  | [demonic ancestry]
  1571 | D:2      | Reached XP level 4. HP: 2/30 MP: 3/8
  2028 | D:3      | Found a hazy altar of Hepliaklqana.
  2031 | D:3      | Found a glowing silver altar of Zin.
  2200 | D:3      | Reached skill level 4 in Fire Magic
  2222 | D:3      | Learned a level 4 spell: Sticky Flame
  3071 | D:4      | Gained mutation: You are mostly covered in rugged brown
                  | scales. (AC +2, +5% HP) [demonic ancestry]
  3071 | D:4      | Reached XP level 5. HP: 27/36 MP: 2/9
  3315 | D:4      | Found a shadowy altar of Dithmenos.
  3335 | D:4      | Noticed Sigmund
  3364 | D:4      | Killed Sigmund
  3364 | D:4      | Reached XP level 6. HP: 35/43 MP: 2/11
  3481 | D:4      | Reached skill level 5 in Fire Magic
  3581 | D:4      | Noticed Robin
  3596 | D:4      | Killed Robin
  3731 | D:4      | Learned a level 5 spell: Fireball
  3888 | D:4      | Gained mutation: When hurt, damage is shared between your
                  | health and your magic reserves. [demonic ancestry]
  3888 | D:4      | Reached XP level 7. HP: 48/48 MP: 9/13
  3965 | D:4      | Found a shattered altar of Ashenzari.
  3970 | D:4      | Became a worshipper of Ashenzari the Shackled
  4081 | D:5      | Entered Level 5 of the Dungeon
  4138 | D:5      | Found a basalt altar of Yredelemnul.
  4242 | D:5      | Found a glowing drain.
  4290 | Sewer    | Entered a sewer
  4839 | D:5      | Found a radiant altar of Vehumet.
  4967 | D:5      | Reached skill level 6 in Fire Magic
  5128 | D:5      | Found a sacrificial altar of Ru.
  5166 | D:6      | Reached skill level 5 in Conjurations
  5188 | D:6      | Gained mutation: You have razor-sharp toenails. [demonic
                  | ancestry]
  5188 | D:6      | Reached XP level 8. HP: 41/54 MP: 6/15
  5265 | D:6      | Reached skill level 5 in Spellcasting
  5872 | D:6      | Reached skill level 7 in Fire Magic
  5963 | D:7      | Found Cuaddokh's Armour Emporium.
  6462 | D:7      | Found an ancient bone altar of Kikubaaqudgha.
  6467 | D:7      | Reached XP level 9. HP: 59/59 MP: 13/16
  6530 | D:7      | Found a staircase to the Ecumenical Temple.
  6831 | D:7      | Reached skill level 8 in Fire Magic
  7221 | D:8      | Noticed Harold
  7240 | D:8      | Killed Harold
  7343 | D:8      | Reached * piety under Ashenzari
  7448 | D:8      | Found Ostrocosy's Demolitions Depot.
  7506 | D:8      | Reached skill level 9 in Fire Magic
  7571 | D:8      | Gained mutation: You regenerate magic rapidly. [demonic
                  | ancestry]
  7571 | D:8      | Reached XP level 10. HP: 59/66 MP: 13/17
  7798 | D:8      | Found a radiant altar of Vehumet.
  7846 | D:8      | Reached skill level 10 in Conjurations
  8190 | D:9      | Identified the +8 war axe of Death {venom, Dex+4}
  8484 | D:9      | Reached skill level 1 in Shields
  8539 | D:9      | Found a staircase to the Orcish Mines.
  8998 | D:10     | Entered Level 10 of the Dungeon
  9019 | D:10     | Found a staircase to the Lair.
  9034 | D:10     | Reached skill level 10 in Fire Magic
  9036 | D:10     | Reached skill level 1 in Axes
  9286 | D:10     | Reached skill level 1 in Fighting
  9380 | D:10     | Noticed an unseen horror
  9383 | D:10     | Killed an unseen horror
  9407 | D:10     | Killed an unseen horror
  9704 | D:10     | Noticed Erica
  9713 | D:10     | Killed Erica
  9713 | D:10     | Reached XP level 11. HP: 60/75 MP: 10/18
  9955 | D:10     | Identified the Papyrus of Dusty Hexes
 10337 | Orc:1    | Entered Level 1 of the Orcish Mines
 10355 | Orc:1    | Reached skill level 11 in Fire Magic
 10435 | Orc:2    | Entered Level 2 of the Orcish Mines
 10435 | Orc:2    | Reached ** piety under Ashenzari
 10448 | Orc:2    | Learned a level 6 spell: Iron Shot
 10469 | Orc:2    | Noticed an orc sorcerer
 10476 | Orc:2    | Killed an orc sorcerer
 10476 | Orc:2    | Reached skill level 1 in Earth Magic
 10566 | Orc:2    | Noticed an orc sorcerer
 10572 | Orc:2    | Killed an orc sorcerer
 10572 | Orc:2    | Noticed an orc knight
 10576 | Orc:2    | Noticed an orc sorcerer
 10579 | Orc:2    | Paralysed by an orc sorcerer for 6 turns
 10581 | Orc:2    | Noticed Jorgrun
 10582 | Orc:2    | Noticed an orc sorcerer
 10583 | Orc:2    | Slain by an orc warrior

Levels and vault maps discovered:
D:1:      dpeg_arrival_lava_temple_mockup, layout_basic
D:2:      layout_rooms, trog_butcher_becter
D:3:      layout_basic, chequers_temple_overflow_statue_of_worship
D:4:      layout_rooms, marbit_many_paths, kennysheep_little_box, first_ration,
          chequers_serial_rivers_marsh, uniq_robin, uniq_sigmund
D:5:      layout_rooms, nicolae_ru_path_of_blood,
          nicolae_overflow_crystal_walls, portal_sewer_entry_f, basic_altar
D:6:      layout_basic
D:7:      minmay_razor_zed, layout_loops_ring, nicolae_overflow_hidden_temple,
          minmay_temple_entry_proselytizer, serial_shops,
          nicolae_shop_competitors_out_of_business, tgw_kikubaaqudgha
D:8:      layout_gridville, kennysheep_mini_moat, the_bakery,
          nicolae_blasting_shop, minmay_splitting_lines, uniq_harold
D:9:      layout_roguey, erik_orc_4
D:10:     layout_roguey, minmay_lair_entry_grove, uniq_erica
Orc:1:    layout_diamond_mine, bloody_trog
Orc:2:    grunt_orc_cross, layout_caves, uniq_jorgrun

Skill      XL: |  1  2  3  4  5  6  7  8  9 10 11 |
---------------+----------------------------------+-----
Fire Magic     | 3 4 5 6 7 9 10 11 | 11.0
Spellcasting   | 3 4 5 |  5.0
Conjurations   | 2 3 5 7 9 10 | 10.0
Shields        | 2 3 |  3.5
Dodging        | 2 3 |  3.6
Axes           | 3 4 |  4.2
Fighting       | 1 3 |  3.3
Earth Magic    | 2 |  2.3
Stealth        | |  1.7
Evocations     | |  0.5

Action                   |  1- 3 |  4- 6 |  7- 9 | 10-12 || total
-------------------------+-------+-------+-------+-------++-------
Melee: Short sword       |    71 |    51 |       |       ||   122
       Kick              |     6 |     7 |    12 |       ||    25
       Dagger            |       |       |   149 |    19 ||   168
       War axe           |       |       |       |    94 ||    94
Throw: Stone             |       |     3 |       |     3 ||     6
 Cast: Foxfire           |    41 |    67 |    97 |   128 ||   333
       Sticky Flame      |       |     2 |    21 |    25 ||    48
       Fireball          |       |       |       |     9 ||     9
Invok: Curse Item        |       |       |     2 |       ||     2
Evoke: Wand              |       |       |       |     7 ||     7
  Use: Scroll            |       |     6 |     4 |       ||    10
       Potion            |       |     1 |       |       ||     1
 Stab: Sleeping          |     2 |     8 |    16 |     3 ||    29
  Eat: Chunk             |     2 |     8 |     9 |     8 ||    27
       Ration            |       |       |     2 |     2 ||     4
Armor: Robe              |    22 |    18 |    54 |    50 ||   144
Dodge: Dodged            |    85 |    40 |    79 |    60 ||   264
Block: Buckler           |       |       |       |    40 ||    40

Table legend:
 A = Non-vault XP
 B = Vault XP
 C = Vault XP percentage of total XP
 D = Non-vault monster count
 E = Vault monster count
 F = Vault count percentage of total count
                 A         B        C        D         E       F
            +---------+---------+-------+---------+---------+-------
      Total |    8922 |    7204 |  44.7 |     186 |     122 |  39.6
            +---------+---------+-------+---------+---------+-------
        D:1 |      19 |       0 |   0.0 |      11 |       0 |   0.0
        D:2 |      96 |       8 |   7.7 |      23 |       4 |  14.8
        D:3 |      47 |       0 |   0.0 |      18 |       0 |   0.0
        D:4 |     380 |     258 |  40.4 |      17 |      14 |  45.2
        D:5 |     234 |      16 |   6.4 |       3 |       6 |  66.7
        D:6 |     958 |       0 |   0.0 |      17 |       0 |   0.0
        D:7 |    1142 |     447 |  28.1 |      30 |       9 |  23.1
        D:8 |     997 |    1218 |  55.0 |      18 |       2 |  10.0
        D:9 |     821 |     848 |  50.8 |      15 |      19 |  55.9
       D:10 |    3812 |    2200 |  36.6 |      27 |      11 |  28.9
      Orc:1 |     298 |       0 |   0.0 |       6 |       0 |   0.0
      Orc:2 |     118 |    1901 |  94.2 |       1 |       9 |  90.0
      Sewer |       0 |     308 | 100.0 |       0 |      48 | 100.0
            +---------+---------+-------+---------+---------+-------
